 Dungeon Crawl Stone Soup version 0.18-a0-1805-g8ab820f (webtiles) character file.

91 ololoev the Digger (level 4, 24/24 HPs)
             Began as a Gargoyle Earth Elementalist on Apr 26, 2016.
             Was an Initiate of Ru.
             Quit the game on level 2 of the Dungeon.
             The game lasted 00:04:29 (1735 turns).

ololoev the Digger (Gargoyle Earth Elementalist)    Turns: 1735, Time: 00:04:30

Health: 24/24      AC:  5    Str: 12    XL:     4   Next: 59%
Magic:  3/8        EV: 12    Int: 16    God:    Ru [......]
Gold:   118        SH:  0    Dex: 10    Spells: 3 memorised, 3 levels left

rFire  . . .     SeeInvis .     b - 107 stones
rCold  . . .     Gourm    .     a - +0 robe
rNeg   + . .     Faith    .     (no shield)
rPois  ∞         Spirit   .     (no helmet)
rElec  +         Dismiss  .     (no cloak)
rCorr  .         Reflect  .     (no gloves)
SustAt .         Harm     .     (no boots)
MR     .....                    (no amulet)
Stlth  ++........               (no ring)
                                (no ring)

@: not resistant to hostile enchantments, unstealthy
A: negative energy resistance 1, electricity resistance, unbreathing,
petrification resistance, rot immunity, AC +3
a: Renounce Religion


Innate Abilities, Weirdness & Mutations

You are resistant to torment.
Your stone body is resilient (AC +3).
You are immune to poison.
You resist negative energy.
You are resistant to electric shocks.
You can survive without breathing.
You are immune to petrification.
You are immune to rotting.

Inventory:

Missiles
 b - 107 stones (in hand)
Armour
 a - a +0 robe (worn)
Scrolls
 e - a scroll of recharging {unknown}
 i - 3 scrolls of identify {unknown}
 j - a scroll of remove curse {unknown}
 l - 2 scrolls of amnesia {unknown}
 n - 2 scrolls of magic mapping {unknown}
 q - 2 scrolls of random uselessness {unknown}
 r - a scroll of enchant weapon {unknown}
Potions
 h - a potion of curing {unknown}
 k - a potion of ambrosia {unknown}
 m - a potion of invisibility {unknown}
 o - a potion of berserk rage {unknown}
Books
 c - a book of Geomancy

   Spells                             Type                      Level
   a - Sandblast                      Earth                        1
   b - Passwall                       Transmutation/Earth          2
   c - Stone Arrow                    Conjuration/Earth            3
   d - Petrify                        Transmutation/Earth          4
   e - Lee's Rapid Deconstruction     Earth                        5
Comestibles
 d - 3 bread rations
 f - a beef jerky
 g - a meat ration


   Skills:
 - Level 1.5 Dodging
 - Level 2.1 Stealth
 * Level 3.0 Spellcasting
 + Level 1.4 Conjurations
 - Level 0.7 Transmutations
 * Level 5.0 Earth Magic


You had 3 spell levels left.
You knew the following spells:

 Your Spells              Type           Power        Failure   Level  Hunger
a - Sandblast             Erth           ###...       2%          1    #......
b - Stone Arrow           Conj/Erth      ##....       14%         3    ###....
w - Passwall              Trmt/Erth      ##........   10%         2    ##.....


You were on level 2 of the Dungeon.
You worshipped Ru.
Ru was noncommittal.
You were not hungry.

You visited 1 branch of the dungeon, and saw 2 of its levels.

You collected 118 gold pieces.

.......##......†...#
....÷.............##
.......##......)...#
.......##..........#
.......##..........#
##..#####..........#
##.# #..........#
#.# #.......#..# #.#
##.......#@#.#
#.###..##.#..%#..#
###......#..##.. ..#
#..........# ### ###
#.#......##
.........#
..##.....#
........[#
.......#.#

Notes
Turn   | Place    | Note
--------------------------------------------------------------
     0 | D:1      | ololoev the Gargoyle Earth Elementalist began the quest for the Orb.
     0 | D:1      | Reached XP level 1. HP: 10/10 MP: 3/3
    62 | D:1      | Reached skill level 4 in Earth Magic
    62 | D:1      | Reached XP level 2. HP: 10/15 MP: 0/5
   443 | D:1      | Learned a level 2 spell: Passwall
   468 | D:1      | Reached XP level 3. HP: 19/19 MP: 2/7
   702 | D:1      | Learned a level 3 spell: Stone Arrow
  1214 | D:2      | Reached XP level 4. HP: 24/24 MP: 4/8
  1217 | D:2      | Reached skill level 1 in Conjurations
  1305 | D:2      | Found a stormy altar of Qazlal.
  1484 | D:2      | Reached skill level 5 in Earth Magic
  1722 | D:2      | Found a faded altar to an unknown god.
  1735 | D:2      | Became a worshipper of Ru the Awakened
  1735 | D:2      | Quit the game

Dungeon Overview and Level Annotations

Branches:
Dungeon (2/15)

Altars:
Qazlal
Ru


Message History

All of the chunks of flesh in your inventory have rotted away.
You now have 118 gold pieces (gained 17).
Your magical contamination has completely faded away.
A kobold comes into view.
Found a ring mail and a scroll labeled BYHINW KOAXZE.
A kobold is nearby!
A kobold is nearby!
A kobold is nearby!
A kobold is nearby!
Casting: Sandblast
Confirm with . or Enter, or press ? or * to list all spells.
Aiming: Sandblast
Press: ? - help, Shift-Dir - straight line, f - kobold
Aim: a kobold (resting)
The rocky blast hits the kobold.
You kill the kobold!
b - 113 stones (gained 4)
q - 2 scrolls labeled BYHINW KOAXZE (gained 1)
A goblin comes into view. It is wielding a dagger.
A goblin is nearby!
A goblin is nearby!
A goblin is nearby!
A goblin is nearby!
A giant cockroach comes into view.
The goblin shouts!
A hobgoblin comes into view. It is wielding a club.
Casting: Sandblast
Confirm with . or Enter, or press ? or * to list all spells.
Aiming: Sandblast
Press: ? - help, Shift-Dir - straight line, f - goblin
Aim: a goblin, wielding a dagger The rocky blast hits the goblin.
You kill the goblin!
The hobgoblin shouts!
Found a faded altar to an unknown god.
Casting: Sandblast
Confirm with . or Enter, or press ? or * to list all spells.
Aiming: Sandblast
Press: ? - help, Shift-Dir - straight line, f - giant cockroach
Aim: a giant cockroach The rocky blast hits the giant cockroach.
The giant cockroach is almost dead.
The giant cockroach bites you but does no damage.
Casting: Sandblast
Confirm with . or Enter, or press ? or * to list all spells.
Aiming: Sandblast
Press: ? - help, Shift-Dir - straight line, f/p - giant cockroach
Aim: a giant cockroach (almost dead)
The rocky blast misses the giant cockroach.
The hobgoblin hits you but does no damage.
The giant cockroach bites you but does no damage.
Casting: Sandblast
Confirm with . or Enter, or press ? or * to list all spells.
Aiming: Sandblast
Press: ? - help, Shift-Dir - straight line, f/p - giant cockroach
Aim: a giant cockroach (almost dead)
The rocky blast misses the giant cockroach.
The hobgoblin barely misses you. The giant cockroach barely misses you.
Casting: Sandblast
Confirm with . or Enter, or press ? or * to list all spells.
Aiming: Sandblast
Press: ? - help, Shift-Dir - straight line, f/p - giant cockroach
Aim: a giant cockroach (almost dead)
The rocky blast hits the giant cockroach.
You kill the giant cockroach!
The hobgoblin barely misses you.
Casting: Sandblast
Confirm with . or Enter, or press ? or * to list all spells.
Aiming: Sandblast
Press: ? - help, Shift-Dir - straight line, f - hobgoblin
Aim: a hobgoblin, wielding a club The rocky blast hits the hobgoblin.
You kill the hobgoblin!
Found a beef jerky.
There is a faded altar to an unknown god here.
This altar will convert you to a god.
You cannot discern which.
Do you pray? Ru accepts your prayer! Ru welcomes you!
Unknown command.
Are you sure you want to abandon this character and quit the game? (Confirm with "yes".)

There were no monsters in sight!

Vanquished Creatures
  2 adders (D:2)
  A gnoll (D:1)
  An ooze (D:2)
  A worm (D:2)
  4 dart slugs
  3 giant geckos
  3 giant cockroaches
  6 goblins
  7 hobgoblins
  5 kobolds
  A ball python (D:2)
  5 bats (D:1)
  A giant newt (D:2)
  5 rats
45 creatures vanquished.

Action                   |  1- 3 |  4- 6 || total
-------------------------+-------+-------++-------
Melee: Unarmed           |    19 |     9 ||    28
 Cast: Sandblast         |    43 |    34 ||    77
  Eat: Chunk             |     1 |     2 ||     3
Armor: Robe              |    18 |     8 ||    26
Dodge: Dodged            |    43 |    13 ||    56

Vault maps used:
D:1:      dpeg_arrival_pits, solitary_fountain, minmay_cut_off
D:2:      grunt_qazlal_clouds, ecumenical_altar_1
